 Dungeon Crawl Stone Soup version 0.30-a0-739-gea05faddec (webtiles) character file.

Game seed: 2028528072183482808

208 avis the Shooter (level 5, 0/45 HPs)
             Began as a Demigod Hunter on Feb 4, 2023.
             Slain by a gnoll bouda
             ... wielding a +0 whip
              (12 damage)
             ... on level 3 of the Dungeon.
             The game lasted 00:12:29 (3032 turns).

avis the Shooter (Demigod Hunter)                   Turns: 3032, Time: 00:12:30

Health: 0/45       AC:  5    Str: 12    XL:     5   Next: 29%
Magic:  7/7        EV: 13    Int: 11    God:
Gold:   174        SH:  0    Dex: 21    Spells: 4/4 levels left

rFire   . . .      SeeInvis .    a - +0 shortbow
rCold   . . .      Faith    .    (shield currently unavailable)
rNeg    . . .      Spirit   .    c - +0 leather armour
rPois   .          Reflect  .    (no helmet)
rElec   .          Harm     .    B - +0 cloak
rCorr   .          Rampage  .    j - +0 pair of gloves
Will    .....                    (no boots)
Stlth   ++                       (no amulet)
HPRegen 0.27/turn                (no ring)
MPRegen 0.10/turn                (no ring)

@: lethally poisoned (0 -> -1), weakened
A: high MP 1, forlorn, divine attributes
a: no special abilities


You were on level 3 of the Dungeon.
You visited 1 branch of the dungeon, and saw 4 of its levels.

You collected 174 gold pieces.

Inventory:

Hand Weapons
 a - a +0 shortbow (weapon)
 b - a +0 dagger
 y - a +0 short sword
Missiles
 e - a throwing net
 A - 2 boomerangs
Armour
 c - a +0 leather armour (worn)
 i - a +0 kite shield
 j - a +0 pair of gloves (worn)
 B - a +0 cloak (worn)
Scrolls
 g - a scroll of fear {unknown}
 h - 2 scrolls of identify {unknown}
 k - a scroll of vulnerability {unknown}
 n - a scroll of enchant weapon {unknown}
 o - a scroll of brand weapon {unknown}
 p - a scroll of amnesia {unknown}
 r - a scroll of teleportation {unknown}
 t - a scroll of enchant armour {unknown}
 v - 2 scrolls of magic mapping {unknown}
 x - 2 scrolls of immolation
 C - a scroll of blinking {unknown}
Potions
 d - a potion of flight {unknown}
 f - a potion of berserk rage {unknown}
 l - a potion of cancellation {unknown}
 m - a potion of ambrosia {unknown}
 q - 2 potions of curing {unknown}
 s - a potion of resistance {unknown}
 u - a potion of might {unknown}
 w - a potion of attraction {unknown}
 z - a potion of heal wounds


   Skills:
 - Level 3.0 Fighting
 * Level 5.2 Ranged Weapons
 - Level 3.0 Dodging
 - Level 1.0 Stealth


You had 4 spell levels left.
You didn't know any spells.
Your spell library contained the following spells:

 Spells                   Type           Power      Damage    Failure   Level
 Freeze                   Ice            0%         1d3       41%         1
 Frozen Ramparts          Ice            0%         1d1       80%         3
 Hailstorm                Conj/Ice       0%         3d3       80%         3


Dungeon Overview and Level Annotations

Branches:
Dungeon (4/15)
 Temple: D:4-7

Annotations:
D:4 Robin


Innate Abilities, Weirdness & Mutations

You have an increased reservoir of magic. (+10% MP)
You shall have no god before yourself.
Your divine heritage dramatically boosts your attributes as you level up.


Message History

You feel much better.
You feel sick. The gnoll barely misses you.
The gnoll bouda hits you with a +0 whip.
Fire: a) +0 shortbow
Press: ? - help, Q - select action, (/) - cycle Shift-Dir - straight line, f/p - gnoll
Aim: a gnoll, wielding a +0 halberd of venom (almost dead, covering ground quickly, 69% to hit)
You shoot an arrow. The arrow hits the gnoll.
You kill the gnoll!
You feel very sick. The gnoll bouda misses you.
The gnoll bouda barely misses you.
Fire: a) +0 shortbow
Press: ? - help, Q - select action, (/) - cycle Shift-Dir - straight line, f - gnoll bouda
Aim: a gnoll bouda, wielding a +0 whip and wearing a +0 robe (69% to hit)
You shoot an arrow.
The arrow hits the gnoll bouda but does no damage.
You feel sick. The gnoll bouda barely misses you.
Fire: a) +0 shortbow
Press: ? - help, Q - select action, (/) - cycle Shift-Dir - straight line, f/p - gnoll bouda
Aim: a gnoll bouda, wielding a +0 whip and wearing a +0 robe (69% to hit)
You shoot an arrow.
The arrow hits the gnoll bouda but does no damage.
You feel sick.
The gnoll bouda gazes fiercely through you!
You feel your attacks grow feeble. The gnoll bouda closely misses you.
Fire: a) +0 shortbow
Press: ? - help, Q - select action, (/) - cycle Shift-Dir - straight line, f/p - gnoll bouda
Aim: a gnoll bouda, wielding a +0 whip and wearing a +0 robe (69% to hit)
You shoot an arrow.
The arrow hits the gnoll bouda but does no damage.
You feel sick.
The gnoll bouda hits you with a +0 whip.
* * * LOW HITPOINT WARNING * * *
Fire: a) +0 shortbow
Press: ? - help, Q - select action, (/) - cycle Shift-Dir - straight line, f/p - gnoll bouda
Aim: a gnoll bouda, wielding a +0 whip and wearing a +0 robe (69% to hit)
You shoot an arrow. The arrow hits the gnoll bouda.
The gnoll bouda is moderately wounded.
You feel sick. The gnoll bouda barely misses you.
The gnoll bouda hits you with a +0 whip!
You die...

#.#.# #.#...# #.#.#
#.###.# #.#.# #.#.#.#
#.#.# #.#...#
#####...###.#.#†.
#........##>.....
#####........#.......
#..))).......#.....##
#..)@.....####.....#
#..g......# #.....#
#.........# #.....#
#.........####....)#
#...........##.....#
#.........#.##.....#
######'####.#####.##
#.##.....# #.#
#######.##.#.#.# #.#


You could see a gnoll bouda.

Vanquished Creatures
  A scorpion (D:3)
  3 gnolls
  5 adders
  A dart slug (D:3)
  3 orcs (D:3)
  4 endoplasms
  2 giant cockroaches
  13 goblins
  8 hobgoblins
  4 jackals (D:2)
  3 kobolds
  3 quokkas
  10 ball pythons
  2 bats (D:1)
  3 frilled lizards
  8 rats
73 creatures vanquished.

Notes
Turn   | Place    | Note
-------+----------+-------------------------------------------
     0 | D:1      | avis the Demigod Hunter began the quest for the Orb.
     0 | D:1      | Reached XP level 1. HP: 17/17 MP: 3/3
   194 | D:1      | Reached skill level 4 in Ranged Weapons
   206 | D:1      | Reached XP level 2. HP: 24/24 MP: 4/4
   906 | D:2      | Reached XP level 3. HP: 25/29 MP: 5/5
  1086 | D:2      | Reached skill level 1 in Stealth
  1574 | D:3      | Noticed a scorpion
  1677 | D:3      | Reached XP level 4. HP: 28/37 MP: 6/6
  2584 | D:4      | Reached XP level 5. HP: 45/45 MP: 7/7
  2587 | D:4      | Noticed Robin
  2684 | D:3      | Reached skill level 5 in Ranged Weapons
  3032 | D:3      | Slain by a gnoll bouda

Illustrated notes

Levels and vault maps discovered:
D:1:      dpeg_arrival_stone_temple_mockup, layout_basic,
          shapermc_ecumenical_altar_venn
D:2:      layout_loops_cross
D:3:      layout_basic, overflow_temple_1_default
D:4:      minmay_skewed_foursquare, layout_loops_cross, uniq_natasha,
          uniq_robin, uniq_crazy_yiuf_cottage

Skill      XL: |  1  2  3  4  5 |
---------------+----------------+-----
Fighting       | 2 3 |  3.0
Ranged Weapons | 4 5 |  5.2
Dodging        | 2 3 |  3.0
Stealth        | 1 |  1.0

Action                     |  1- 3 |  4- 6 || total
---------------------------+-------+-------++-------
   Fire: Shortbow          |   116 |    83 ||   199
    Use: Potion            |       |     2 ||     2
 Armour: Leather armour    |    15 |    17 ||    32
  Dodge: Dodged            |    42 |    81 ||   123

Table legend: (Time is in decaauts)
 A = Elapsed time spent in this place.
 B = Non-inter-level travel time spent in this place.
 C = Inter-level travel time spent in this place.
 D = Time resting spent in this place.
 E = Time spent auto-exploring this place.
 F = Levels seen in this place.
 G = Mean time per level.
                   A        B        C        D        E       F      G
               +--------+--------+--------+--------+--------+-----+--------+
         Total |   3105 |   2822 |    283 |    593 |   1650 |   4 |  776.2 |
       Dungeon |   3105 |   2822 |    283 |    593 |   1650 |   4 |  776.2 |
               +--------+--------+--------+--------+--------+-----+--------+

Top non-repeatable levels by time:
     D:3: 1539 daAuts
     D:2: 782 daAuts
     D:1: 749 daAuts
     D:4: 33 daAuts
